Map: Lerilak Crest

Players

LiquidTLO (TLO)

  • Race: Zerg Zerg
  • League: Grandmaster

PtitDrogo - Winner!

  • Race: Protoss Protoss
  • League: Master

Event: DreamHack ZOWIE Open Leipzig

VOD

Have the link to the VOD?

Description

Time

  • Played on: Jan. 23, 2016, 9:25 a.m.
  • Length: 6:19

All games in this series

Show
View Real Time Build Order
Export as new Build Order

LiquidTLO Zerg 

Build Orders: Hatch First 

Get SALT Encoding   

  12  0:00  Drone  
  13  0:12  Overlord  
  13  0:18  Drone  
  14  0:30  Drone  
  14  0:31  Drone  
  14  0:35  Drone  
  17  0:51  Hatchery  
  17  0:54  Drone  
  17  0:58  Drone  
  17  1:02  Extractor  
  17  1:12  Spawning Pool  
  17  1:16  Drone  
  17  1:19  Drone  
  18  1:28  Drone  
  19  1:38  Overlord  
  19  1:49  Drone  
  20  1:59  Queen  
  20  2:00  Zergling x2  
  23  2:01  Metabolic Boost  
  23  2:04  Queen  
  23  2:08  Drone  
  26  2:11  Drone  
  27  2:15  Drone  
  28  2:24  Drone  
  28  2:28  Zergling x2  
  30  2:37  Drone  
  30  2:39  Drone, Burrow  
  32  2:45  Overlord  
  32  2:46  Zergling x2  
  33  2:53  Zergling x2  
  33  2:57  Zergling x2  
  35  3:09  Spore Crawler, Drone x2  
  35  3:11  Spore Crawler  
  35  3:12  Drone x2  
  37  3:13  Drone x2  
  37  3:14  Drone  
  37  3:15  Drone  
  37  3:16  Spore Crawler  
  41  3:21  Drone  
  41  3:26  Overlord  
  43  3:37  Hatchery, Drone  
  43  3:41  Overlord  
  43  3:45  Zergling x4  
  43  3:46  Spore Crawler  
  43  3:48  Spore Crawler  
  43  3:53  Drone x2  
  45  3:56  Drone x2  
  45  3:57  Drone  
  45  4:02  Overlord  
  48  4:07  Drone  
  49  4:11  Queen  
  49  4:13  Extractor  
  49  4:17  Evolution Chamber x2, Drone x2  
  49  4:20  Drone  
  49  4:23  Drone  
  52  4:24  Drone  
  52  4:34  Drone  
  52  4:38  Zergling x12  
  59  4:40  Overlord  
  59  4:49  Baneling Nest  
  59  4:51  Queen  
  60  4:57  Drone  
  60  4:59  Drone  
  62  5:05  Zergling x2  
  62  5:06  Drone  
  62  5:07  Drone, Spore Crawler  
  65  5:08  Zergling x6  
  65  5:12  Queen  
  69  5:20  Spore Crawler, Zergling x4  
  70  5:22  Zergling x2  
  70  5:23  Zergling x2  
  70  5:26  Drone x11  
  72  5:33  Zergling x2  
  72  5:34  Drone x12, Zergling x2  
  66  5:36  Zergling x6  
  66  5:40  Zergling x2  
  59  5:44  Zergling x2  
  59  5:48  Drone  
  45  5:50  Drone  
  45  5:54  Drone x17  
  45  5:55  Drone  
  45  5:56  Drone  
  42  6:01  Drone  
Show
View Real Time Build Order
Export as new Build Order

PtitDrogo Protoss - Winner!

Build Orders: Oracle Opening 

Get SALT Encoding   

  12  0:00  Probe (Chrono Boost)  
  13  0:11  Probe (Chrono Boost)  
  14  0:17  Pylon  
  14  0:22  Probe (Chrono Boost)  
  15  0:35  Probe (Chrono Boost)  
  16  0:37  Gateway  
  16  0:46  Probe (Chrono Boost)  
  16  0:47  Assimilator  
  17  0:56  Probe (Chrono Boost)  
  18  1:01  Gateway  
  18  1:07  Probe (Chrono Boost)  
  18  1:11  Assimilator  
  19  1:17  Probe (Chrono Boost)  
  20  1:24  Cybernetics Core  
  20  1:28  Probe (Chrono Boost)  
  21  1:37  Pylon  
  21  1:38  Probe (Chrono Boost)  
  22  1:49  Probe (Chrono Boost)  
  23  1:59  Probe (Chrono Boost)  
  24  2:05  Adept (Chrono Boost), Warp Gate  
  24  2:07  Adept (Chrono Boost)  
  28  2:10  Probe  
  29  2:23  Stargate  
  29  2:25  Probe (Chrono Boost)  
  30  2:36  Pylon  
  31  2:37  Probe (Chrono Boost)  
  31  2:55  Mothership Core (Chrono Boost)  
  33  3:03  Nexus  
  33  3:13  Probe (Chrono Boost)  
  33  3:17  Oracle (Chrono Boost)  
  35  3:20  Pylon  
  35  3:24  Probe, Adept  
  38  3:36  Probe  
  38  3:38  Adept  
  42  3:48  Probe  
  42  3:51  Oracle (Chrono Boost)  
  45  4:00  Probe  
  46  4:12  Probe  
  46  4:15  Adept x2  
  51  4:17  Probe  
  52  4:24  Probe  
  52  4:27  Probe  
  52  4:28  Oracle (Chrono Boost)  
  57  4:36  Probe, Pylon  
  58  4:38  Probe  
  58  4:40  Adept  
  61  4:49  Probe  
  62  4:54  Probe  
  62  4:56  Adept  
  62  4:59  Adept  
  67  5:01  Probe  
  67  5:03  Pylon  
  67  5:06  Probe  
  69  5:07  Assimilator x2  
  69  5:13  Probe  
  70  5:15  Pylon  
  70  5:21  Probe, Robotics Facility  
  71  5:25  Probe  
  72  5:33  Probe  
  73  5:37  Probe  
  73  5:42  Adept x2  
  78  5:45  Probe  
  78  5:49  Probe  
  73  5:57  Probe  
  73  6:01  Probe  
  73  6:04  Gateway  
  73  6:07  Gateway  
  73  6:10  Twilight Council  
  70  6:12  Forge  
  70  6:16  Gateway, Pylon  

Tags
 
Add a new tag
Caveats
  • Supply blocks, unpowered buildings, or Contaminate may cause inaccurate times.
  • Supply counts are checked every 10 seconds.